 Dungeon Crawl Stone Soup version 0.21-a0-450-gd87a9b2 (webtiles) character file.

1974 graki42 the Thaumaturge (level 9, -3/47 HPs)
             Began as a Deep Elf Fire Elementalist on Nov 18, 2017.
             Was a Believer of Vehumet.
             Slain by a killer bee (6 damage)
             ... on level 7 of the Dungeon.
             The game lasted 00:24:28 (6447 turns).

graki42 the Thaumaturge (DEFE)                      Turns: 6447, Time: 00:24:28

Health: -3/47      AC:  2    Str:  7 (8)  XL:     9   Next: 0%
Magic:  1/23       EV: 19    Int: 18 (21) God:    Vehumet [**....]
Gold:   327        SH:  0    Dex: 17 (20) Spells: 9/25 levels left

rFire    + . .     SeeInvis +   t - +1 dagger (elec)
rCold    . . .     Gourm    .   (no shield)
rNeg     + . .     Faith    .   z - +0 robe of Death Resistance {rF+ Slay+2 SInv}
rPois    .         Spirit   .   (no helmet)
rElec    .         Reflect  .   (no cloak)
rCorr    .         Harm     .   (no gloves)
MR       .....                  (no boots)
Stlth    ++++......             (no amulet)
HPRegen  0.15/turn              m - ring of positive energy
MPRegen  0.18/turn              (no ring)

@: agile, lethally poisoned (-3 -> -8), very slightly contaminated
A: no striking features
a: Renounce Religion


You were on level 7 of the Dungeon.
You worshipped Vehumet.
Vehumet was pleased with you.
You were not hungry.

You visited 1 branch of the dungeon, and saw 7 of its levels.

You collected 327 gold pieces.

Inventory:

Hand Weapons
 q - a +2 falchion of venom
 t - a +1 dagger of electrocution (weapon)
 x - a +1 dagger of venom
Armour
 a - a +0 robe
 z - the +0 robe of Death Resistance (worn) {rF+ Slay+2 SInv}
   (You took it off an orc on level 5 of the Dungeon)

   It affects your accuracy and damage with ranged weapons and melee attacks
   (+2).
   It protects you from fire.
   It lets you see invisible.
Jewellery
 m - a ring of positive energy (left hand)
 A - a +2 ring of dexterity {unknown}
Wands
 y - a wand of iceblast (6/15)
Scrolls
 d - 9 scrolls of identify {unknown}
 e - 2 scrolls of remove curse
 g - a scroll of blinking
 k - 3 scrolls of magic mapping
 o - a scroll of recharging {unknown}
 p - 2 scrolls of amnesia {unknown}
 r - 3 scrolls of enchant armour {unknown}
 s - 4 scrolls of teleportation {unknown}
 v - a scroll of noise {unknown}
 w - a scroll of fear {unknown}
 D - a scroll of fog {unknown}
 I - a scroll of immolation {unknown}
Potions
 h - a potion of agility
 j - a potion of heal wounds {unknown}
 n - a potion of resistance {unknown}
 B - 3 potions of degeneration
 C - 2 potions of lignification {unknown}
 F - a potion of cancellation {unknown}
 H - a potion of invisibility {unknown}
Books
 b - a book of Flames

   Spells                             Type                      Level
   a - Flame Tongue                   Conjuration/Fire             1
   b - Throw Flame                    Conjuration/Fire             2
   c - Conjure Flame                  Conjuration/Fire             3
   d - Inner Flame                    Hexes/Fire                   3
   e - Sticky Flame                   Conjuration/Fire             4
   f - Fireball                       Conjuration/Fire             5
 u - a book of Callings

   Spells                             Type                      Level
   a - Summon Small Mammal            Summoning                    1
   b - Call Imp                       Summoning                    2
   c - Call Canine Familiar           Summoning                    3
   d - Summon Guardian Golem          Hexes/Summoning              3
   e - Summon Lightning Spire         Summoning/Air                4
   f - Summon Ice Beast               Ice/Summoning                4
Comestibles
 c - 5 bread rations
 f - 4 meat rations
 i - 5 royal jellies
 E - 2 chunks of flesh
 G - 2 fruits


   Skills:
 + Level 1.2 Fighting
 + Level 1.3 Short Blades
 + Level 4.2 Dodging
 + Level 4.2 Stealth
 + Level 8.9 Spellcasting
 + Level 6.7 Conjurations
 + Level 1.5 Hexes
 + Level 7.2 Fire Magic


You had 9 spell levels left.
You knew the following spells:

 Your Spells              Type           Power        Failure   Level  Hunger
a - Flame Tongue          Conj/Fire      ####.        1%          1    None
b - Conjure Flame         Conj/Fire      ####....     1%          3    None
c - Inner Flame           Hex/Fire       ###.....     4%          3    None
d - Sticky Flame          Conj/Fire      ####....     4%          4    ###....
e - Fireball              Conj/Fire      ####......   14%         5    #####..


Dungeon Overview and Level Annotations

Branches:
Dungeon (7/15)             Temple (0/1) D:6

Altars:
Qazlal
Uskayaw
Vehumet
The Shining One


Message History

The killer bee completely misses you. The phantom barely misses you.
The killer bee stings you.
* * * LOW HITPOINT WARNING * * *
You are poisoned.
The killer bee poisons you!
The phantom blinks!
It was a potion of agility.
You feel agile all of a sudden.
You feel sick. The killer bee closely misses you. The killer bee stings you.
* * * LOW HITPOINT WARNING * * *
The phantom blinks!
You feel better. The killer bee misses you. The killer bee stings you.
* * * LOW HITPOINT WARNING * * *
You are lethally poisoned!
The killer bee poisons you!
Okay, then.
You closely miss the killer bee.
The killer bee is lightly wounded.
* * * LOW HITPOINT WARNING * * *
You feel sick. The killer bee stings you.
You die...

....##...######******************
._..+..........,,,,,,,,,,,,,,,,,*
....#...#######****************,*
........# *,,,,,*,* #.###...#
*,,,*,*,* #.####..## ***,*,*,*
..(......# *,*,*,*
.........################**,*,*,*
................@........,,>,,*,*
.#.#.............y..##.#*******,*
.#.###############..#*,*,,,,,,*,,
....,,,,* #....†#*,*,****,***
####+**,* #.##.##*,*,* *,*
###,,,*,**###*#,,†.# *,*,* *,*
..#,∩,*,,....,,,#.†# *,*,****,*
#.#,,,*,.....,,,#..# *,*,,,**,*
#.##+##...#****,...#**,***,**,*


You could see a killer bee.

Vanquished Creatures
  Grinder (D:3)
  A water moccasin (D:6)
  A phantom (D:5)
  A necrophage (D:5)
  The ghost of Vidiiot the Skirmisher, an amateur BaWn of Cheibriados (D:7)
  An ogre (D:6)
  A crocodile (D:7)
  A bullfrog (D:6)
  A big kobold (D:7)
  2 scorpions
  3 killer bees (D:7)
  A howler monkey (D:6)
  A centaur zombie (D:7)
  A crimson imp (D:7)
  A bullfrog zombie (D:5)
  A quasit (D:7)
  6 hounds
  An orc priest (D:6)
  A bullfrog skeleton (D:5)
  5 orc wizards
  2 iguanas (D:5)
  2 worker ants
  A hound zombie (D:5)
  A hound skeleton (D:4)
  Robin (D:3)
  4 gnolls
  2 adders
  3 adder skeletons
  4 worms
  4 dart slugs
  5 leopard geckos
  10 orcs
  A ball python (D:6)
  6 giant cockroaches
  16 goblins
  14 hobgoblins
  7 jackals
  3 quokkas
  6 bats
  3 frilled lizards
  3 goblin skeletons (D:7)
  4 hobgoblin zombies (D:7)
  18 kobolds
  A kobold skeleton (D:7)
  2 kobold zombies (D:7)
  A leopard gecko skeleton (D:6)
  An orc zombie (D:7)
  2 quokka skeletons (D:6)
  9 rats
168 creatures vanquished.

Notes
Turn   | Place    | Note
-------+----------+-------------------------------------------
     0 | D:1      | graki42 the Deep Elf Fire Elementalist began the quest for the Orb.
     0 | D:1      | Reached XP level 1. HP: 10/10 MP: 6/6
   127 | D:1      | Reached XP level 2. HP: 14/15 MP: 0/8
   730 | D:1      | Reached XP level 3. HP: 19/19 MP: 8/10
   829 | D:1      | Learned a level 3 spell: Conjure Flame
   833 | D:1      | Learned a level 3 spell: Inner Flame
  1098 | D:2      | Found a hide-covered altar of Uskayaw.
  1679 | D:3      | Reached XP level 4. HP: 24/24 MP: 1/11
  1762 | D:3      | Reached skill level 4 in Spellcasting
  1790 | D:3      | Noticed Grinder
  1863 | D:3      | Paralysed by Grinder for 5 turns
  2202 | D:3      | Learned a level 4 spell: Sticky Flame
  2386 | D:3      | Paralysed by Grinder for 4 turns
  2392 | D:3      | Killed Grinder
  2392 | D:3      | Reached skill level 5 in Spellcasting
  2392 | D:3      | Reached skill level 1 in Hexes
  2392 | D:3      | Reached skill level 5 in Fire Magic
  2392 | D:3      | Reached XP level 5. HP: 28/28 MP: 1/14
  2392 | D:3      | Reached XP level 6. HP: 33/33 MP: 1/15
  2616 | D:3      | Noticed Robin
  2693 | D:3      | Killed Robin
  3379 | D:4      | Found a radiant altar of Vehumet.
  3388 | D:4      | Became a worshipper of Vehumet
  3437 | D:4      | Reached skill level 1 in Short Blades
  3740 | D:5      | Entered Level 5 of the Dungeon
  3775 | D:5      | Reached XP level 7. HP: 37/37 MP: 12/17
  3842 | D:5      | Reached skill level 6 in Spellcasting
  4024 | D:5      | Got a brightly glowing robe
  4035 | D:5      | Identified the +0 robe of Death Resistance {rF+ Slay+2 SInv} (You took it off an orc on level 5 of the Dungeon)
  4484 | D:5      | Reached * piety under Vehumet
  4484 | D:5      | Offered knowledge of Shock by Vehumet.
  5010 | D:6      | Reached skill level 7 in Spellcasting
  5010 | D:6      | Reached XP level 8. HP: 39/42 MP: 3/20
  5078 | D:6      | Reached skill level 1 in Fighting
  5179 | D:6      | Found a stormy altar of Qazlal.
  5317 | D:6      | Reached skill level 5 in Conjurations
  5384 | D:6      | Learned a level 5 spell: Fireball
  5452 | D:6      | Found a staircase to the Ecumenical Temple.
  5604 | D:6      | Reached skill level 8 in Spellcasting
  6243 | D:7      | Offered knowledge of Freeze by Vehumet.
  6259 | D:7      | Found a glowing golden altar of the Shining One.
  6267 | D:7      | Reached ** piety under Vehumet
  6331 | D:7      | Noticed Vidiiot's ghost (amateur BaWn)
  6345 | D:7      | Killed Vidiiot's ghost
  6437 | D:7      | Reached XP level 9. HP: 39/47 MP: 0/23
  6445 | D:7      | HP: 2/47 [killer bee (6)]
  6447 | D:7      | Slain by a killer bee

Vault maps used:
D:1:      shiori_arrival_maze, serial_forest, infiniplex_forest_3_way,
          infiniplex_forest_lined_room_2, infiniplex_forest_lined_1,
          infiniplex_forest_end_1, infiniplex_forest_lined_4_way,
          infiniplex_forest_clump_long
D:2:      lemuel_doored_altar
D:3:      first_bread, minmay_goblin_kobold_house, uniq_robin, uniq_grinder
D:4:      overflow_temple_1_default
D:5:      grunt_ministairs_12
D:6:      nicolae_qazlal_general_emergency, minmay_temple_entry_glass
D:7:      lemuel_coloured_pillars_altar, nicolae_tso_besieged_by_evil,
          guppyfry_shop_venom

Skill      XL: |  1  2  3  4  5  6  7  8 |
---------------+-------------------------+-----
Stealth        | 3 4 |  4.2
Fire Magic     | 4 5 6 7 |  7.2
Dodging        | 3 4 |  4.2
Spellcasting   | 5 7 8 |  8.9
Conjurations   | 2 3 4 6 |  6.7
Hexes          | 1 |  1.5
Short Blades   | 1 |  1.3
Fighting       | 1 |  1.2

Action                   |  1- 3 |  4- 6 |  7- 9 || total
-------------------------+-------+-------+-------++-------
Melee: Dagger            |     6 |     9 |    20 ||    35
       Short sword       |     5 |    13 |       ||    18
       Falchion          |       |     1 |       ||     1
 Cast: Flame Tongue      |    86 |    89 |   122 ||   297
       Conjure Flame     |     1 |     7 |     4 ||    12
       Inner Flame       |       |     5 |     4 ||     9
       Sticky Flame      |       |     4 |    17 ||    21
       Fireball          |       |       |     5 ||     5
  Use: Scroll            |     2 |       |     1 ||     3
       Potion            |       |       |     4 ||     4
 Stab: Sleeping          |     2 |     2 |       ||     4
  Eat: Chunk             |     2 |     8 |    11 ||    21
Armor: Robe              |     3 |     7 |    13 ||    23
Dodge: Dodged            |    13 |    32 |    70 ||   115

Table legend:
 A = Spawn XP
 B = Non-spawn XP
 C = Spawn XP percentage of total XP
 D = Spawn monster count
 E = Non-spawn monster count
 F = Spawn count percentage of total count
 G = Total turns spent on level
                    A         B        C        D         E        F      G
               +---------+---------+-------+---------+---------+-------+---------
         Total |       0 |    2821 |   0.0 |       0 |     168 |   0.0 |  6447
               +---------+---------+-------+---------+---------+-------+---------
           D:1 |       0 |      44 |   0.0 |       0 |      25 |   0.0 |   856
           D:2 |       0 |      49 |   0.0 |       0 |      13 |   0.0 |  1100
           D:3 |       0 |     419 |   0.0 |       0 |      50 |   0.0 |  1108
           D:4 |       0 |     161 |   0.0 |       0 |       7 |   0.0 |   676
           D:5 |       0 |     635 |   0.0 |       0 |      19 |   0.0 |  1247
           D:6 |       0 |     700 |   0.0 |       0 |      22 |   0.0 |   986
           D:7 |       0 |     813 |   0.0 |       0 |      32 |   0.0 |   474
               +---------+---------+-------+---------+---------+-------+---------
